 Dungeon Crawl Stone Soup version 0.13-a0-2600-g811f1de (webtiles) character file.

4602 4tharraofdagon the Ogre Mage (level 10, -6/81 HPs)
             Began as an Ogre Fire Elementalist on Aug 3, 2013.
             Was a Follower of Ashenzari.
             Killed by divine providence
             ... invoked by an orc priest
              (9 damage)
             ... on Level 10 of the Dungeon.
             The game lasted 00:37:11 (6482 turns).

4tharraofdagon the Ogre Mage (OgFE)                 Turns: 6482, Time: 00:37:11

HP  -6/81        AC  3     Str 15      XL: 10   Next: 30%
MP   7/28        EV 10     Int 17      God: Ashenzari [*.....]
Gold 361         SH  0     Dex  9 (10) Spells:  6 memorised, 15 levels left

Res.Fire  : + + .   See Invis. : +   g - +10,+2 trident "Vievoj" {venom, rF+ rC+ SI Res.Cold : + + . Warding : . t - +0 robe Life Prot.: . . . Conserve : . (shield restricted)
Res.Poison: +       Res.Corr.  : .   (helmet restricted)
Res.Elec. : +       Clarity    : +   (no cloak)
Sust.Abil.: . .     Spirit.Shd : .   (gloves unavailable)
Res.Mut.  : .       Stasis     : .   (boots unavailable)
Res.Rott. : .       Flight     : .   k - amulet of clarity
Saprovore : + . .                    (no ring)
                                     C - ring of wizardry

@: very slightly contaminated, somewhat resistant to hostile enchantments,
unstealthy
A: unfitting armour, fast metabolism 1, saprovore 1, tough skin 1
a: Renounce Religion


You were on level 10 of the Dungeon.
You worshipped Ashenzari.
Ashenzari was most pleased with you.
You were not hungry.

You visited 2 branches of the dungeon, and saw 13 of its levels.

You collected 396 gold pieces.
You spent 55 gold pieces at shops.

Inventory:

Hand weapons
 g - the cursed +10,+2 trident "Vievoj" (weapon) {venom, rF+ rC+ SInv}
   (You found it on level 11 of the Dungeon)

   It poisons the flesh of those it strikes.
   It protects you from fire.
   It protects you from cold.
   It enhances your eyesight.
   It has a curse placed upon it.
 n - a +0,+0 battleaxe
 q - a +0,+0 orcish hand axe of chopping
Missiles
 M - 2 throwing nets (quivered)
Armour
 a - a +0 robe
 t - a +0 robe (worn)
Magical devices
 i - a wand of random effects (5)
 l - a wand of confusion (2)
 r - a wand of confusion (12)
Comestibles
 c - 4 meat rations
 z - 3 chunks of orc flesh
 D - 8 bread rations
 L - a rotting chunk of rat flesh
Scrolls
 d - 7 scrolls of noise {unknown}
 e - 2 scrolls of identify
 h - 4 scrolls of remove curse
 m - 3 scrolls of blinking {unknown}
 o - 3 scrolls of enchant weapon II
 p - a scroll of magic mapping
 s - 3 scrolls of teleportation
 w - a scroll of fog {unknown}
 x - a scroll of recharging {unknown}
 y - a scroll of enchant weapon I
 A - a scroll of curse weapon
 E - a scroll of vorpalise weapon {unknown}
 F - 2 scrolls of fear
 J - a scroll of amnesia {unknown}
Jewellery
 k - an amulet of clarity (around neck)
 C - a ring of wizardry (left hand)
 I - a cursed ring of teleportation
Potions
 f - a potion of slowing
 B - a potion of poison
 G - a potion of speed
Books
 b - a book of Flames

   Spells                             Type                      Level
   *Flame Tongue                      Conjuration/Fire             1
   Throw Flame                        Conjuration/Fire             2
   *Conjure Flame                     Conjuration/Fire             3
   Inner Flame                        Hexes/Fire                   3
   *Sticky Flame                      Conjuration/Fire             4
   *Fireball                          Conjuration/Fire             5
 j - a Necronomicon {highlevel}

   This book is beyond your current level of understanding.

   Spells                             Type                      Level
   Borgnjor's Revivification          Necromancy                   7
   Haunt                              Necromancy/Summoning         7
   Death's Door                       Charms/Necromancy            8
   Necromutation                      Transmutation/Necromancy     8
 H - a book of Burglary

   Spells                             Type                      Level
   *Apportation                       Translocation                1
   *Swiftness                         Charms/Air                   2
   Passwall                           Transmutation/Earth          3
   Passage of Golubria                Translocation                4
   Lee's Rapid Deconstruction         Earth                        5
   Darkness                           Hexes                        7


   Skills:
 - Level 1.7 Dodging
 - Level 1.5 Stealth
 * Level 11.1 Spellcasting
 + Level 5.7 Conjurations
 + Level 6.0 Fire Magic


You had 15 spell levels left.
You knew the following spells:

 Your Spells              Type           Power        Failure   Level  Hunger
a - Flame Tongue          Conj/Fire      ####.        1%          1    None
b - Conjure Flame         Conj/Fire      ####....     1%          3    None
c - Sticky Flame          Conj/Fire      ####....     3%          4    ###....
d - Swiftness             Chrm/Air       #.........   5%          2    None
e - Apportation           Tloc           #.........   3%          1    None
f - Fireball              Conj/Fire      ####......   8%          5    ####...


Dungeon Overview and Level Annotations

Branches:
Dungeon (12/27)            Temple (1/1) D:4
    Orc: D:6-11        Lair: D:8-13

Altars:
Ashenzari
Cheibriados
Elyvilon
Fedhas
Kikubaaqudgha
Makhleb
Nemelex Xobeh
Okawaru
Sif Muna
Vehumet
Xom
Yredelemnul
the Shining One

Shops:
D:6: / D:7: * D:10: /+*

Annotations
D:6 4tharraofdagon's ghost, average DjBe


Innate Abilities, Weirdness & Mutations

You are too large for most types of armour.
You have a fast metabolism.
You can tolerate rotten meat.
You have tough skin (AC +1).


Message History

Confirm with . or Enter, or press ? or * to list all spells.
Aiming: Fireball
Press: ? - help, Shift-Dir - straight line, f - orc
Aim: an orc, wielding an orcish short sword The fireball explodes!
The fireball engulfs the orc.
You kill the orc!
The fireball engulfs the orc priest.
The orc priest is severely wounded.
Unknown command.
Casting: Fireball
Confirm with . or Enter, or press ? or * to list all spells.
Aiming: Fireball
Press: ? - help, Shift-Dir - straight line, f - orc priest
Aim: an orc priest, wielding an orcish trident (severely wounded)
You miscast Fireball.
You are very lightly contaminated with residual magic.
Nothing appears to happen.
The orc priest mumbles some strange prayers to Beogh against you.
Something smites you!
You die...

#...##......!...
##
.....##.........
................
.................
###...).........
#.....o.........
#.....)........
#(§§§..........
##)@........$$$
#...........$∩
#...........$
#....###....
#....# ... ######
..


You could see an orc priest.

Vanquished Creatures
  A hill giant (D:10)
  A troll (D:9)
  An ugly thing (D:11)
  A merfolk (D:9)
  A manticore (D:9)
  4 orc warriors
  A phantom (D:6)
  3 ice beasts
  2 sky beasts (D:9)
  An ogre (D:4)
  2 black bears (D:9)
  4 centaurs
  A yellow wasp (D:8)
  3 giant frogs
  A yak zombie (D:9)
  2 killer bees (D:9)
  5 wights (D:11)
  2 goliath beetles
  2 hounds
  A scorpion (D:9)
  2 crimson imps
  A gnoll shaman (D:6)
  A quasit (D:9)
  A big fish (D:9)
  A giant frog skeleton (D:9)
  A black bear skeleton (D:6)
  3 orc priests
  5 orc wizards
  An iguana (D:12)
  4 worker ants
  Jessica (D:3)
  3 jellies
  2 ogre skeletons
  Terence (D:3)
  10 adders
  5 gnolls (D:6)
  2 worms
  A giant eyeball (D:12)
  3 giant geckos
  An ooze (D:2)
  25 orcs
  A bat zombie (D:5)
  7 goblins
  7 hobgoblins
  5 jackals
  5 kobolds
  3 quokkas
  A ball python (D:4)
  7 bats
  5 giant cockroaches
  2 giant newts (D:2)
  A hobgoblin skeleton (D:4)
  A kobold skeleton (D:5)
  An orc zombie (D:5)
  9 rats
  A rat zombie (D:5)
169 creatures vanquished.

Vanquished Creatures (others)
  A hound (D:10)
  A giant spore (D:10)
  A ballistomycete (D:10)
3 creatures vanquished.

Grand Total: 172 creatures vanquished

Notes
Turn   | Place    | Note
--------------------------------------------------------------
     0 | D:1      | 4tharraofdagon, the Ogre Fire Elementalist, began the quest for the Orb.
     0 | D:1      | Reached XP level 1. HP: 16/16 MP: 3/3
    56 | D:2      | Reached skill level 1 in Conjurations
    56 | D:2      | Reached XP level 2. HP: 19/24 MP: 1/4
   236 | D:2      | Reached XP level 3. HP: 29/31 MP: 4/6
   245 | D:2      | Learned a level 3 spell: Conjure Flame
   359 | D:3      | Noticed Terence
   600 | D:5      | Entered Level 5 of the Dungeon
   636 | D:5      | Noticed an ice beast
   660 | D:5      | Noticed a centaur
   686 | D:6      | Found a basalt altar of Yredelemnul.
   687 | D:6      | Found a burning altar of Makhleb.
   730 | D:7      | Reached XP level 4. HP: 30/39 MP: 0/8
   731 | D:7      | Noticed an orc warrior
   828 | D:5      | Noticed an ice beast
   854 | D:4      | Noticed an ogre
   866 | D:4      | Killed an ogre
   866 | D:4      | Reached skill level 3 in Spellcasting
   866 | D:4      | Reached XP level 5. HP: 23/45 MP: 6/11
   915 | D:4      | Learned a level 4 spell: Sticky Flame
  1022 | D:4      | Found a staircase to the Ecumenical Temple.
  1215 | Temple   | Entered the Ecumenical Temple
  1251 | Temple   | Became a worshipper of Ashenzari the Shackled
  1603 | D:3      | Noticed Jessica
  1609 | D:3      | Killed Jessica
  1609 | D:3      | Reached skill level 4 in Spellcasting
  1609 | D:3      | Reached XP level 6. HP: 41/53 MP: 8/14
  1922 | D:3      | Killed Terence
  2104 | D:5      | Killed an ice beast
  2235 | D:5      | Killed an ice beast
  2235 | D:5      | Reached skill level 5 in Spellcasting
  2235 | D:5      | Reached XP level 7. HP: 54/59 MP: 10/17
  2402 | D:5      | Noticed a centaur
  2409 | D:5      | Killed a centaur
  2702 | D:5      | Killed a centaur
  2948 | D:6      | Noticed a giant frog
  2949 | D:6      | Noticed 4tharraofdagon's ghost (average DjBe)
  2956 | D:6      | Killed a giant frog
  2956 | D:6      | Reached skill level 6 in Spellcasting
  3033 | D:6      | 4tharraofdagon: eh
  3240 | D:6      | Reached XP level 8. HP: 67/67 MP: 17/20
  3245 | D:6      | Noticed a phantom
  3252 | D:6      | Killed a phantom
  3406 | D:6      | Found Plilia's Magical Wand Emporium.
  3436 | D:6      | Reached skill level 7 in Spellcasting
  3562 | D:6      | Noticed an orc warrior
  3584 | D:6      | Killed an orc warrior
  3777 | D:6      | Noticed a giant frog
  3786 | D:6      | Killed a giant frog
  4081 | D:7      | Killed an orc warrior
  4091 | D:7      | Noticed an ice beast
  4095 | D:7      | Killed an ice beast
  4095 | D:7      | Reached skill level 8 in Spellcasting
  4168 | D:7      | Found Ynkopunagg's Assorted Antiques.
  4172 | D:7      | Bought a scroll labeled ASYB ALUCHE for 19 gold pieces
  4172 | D:7      | Bought a scroll labeled SHUDAABY HUSCH for 19 gold pieces
  4172 | D:7      | Bought a fizzy purple potion for 17 gold pieces
  4288 | D:8      | Paralysed by a yellow wasp for 1 turns
  4289 | D:8      | Reached XP level 9. HP: 17/74 MP: 17/24
  4487 | D:9      | Reached skill level 5 in Fire Magic
  4493 | D:9      | Reached skill level 9 in Spellcasting
  4552 | D:9      | no hide=rip
  4722 | D:9      | Found a white marble altar of Elyvilon.
  4747 | D:9      | Learned a level 2 spell: Swiftness
  4749 | D:9      | Learned a level 1 spell: Apportation
  4875 | D:9      | Learned a level 5 spell: Fireball
  4887 | D:9      | Reached skill level 5 in Conjurations
  4973 | D:10     | Entered Level 10 of the Dungeon
  4984 | D:11     | Noticed a hill giant
  4992 | D:11     | 4tharraofdagon: misclick=rip
  4996 | D:10     | Found Vuimack's Book Boutique.
  5153 | D:11     | Reached skill level 10 in Spellcasting
  5410 | D:11     | Reached XP level 10. HP: 18/81 MP: 23/27
  5422 | D:11     | Got the trident "Vievoj" {venom, rF+ rC+ SInv}
  5768 | D:12     | Paralysed by a giant eyeball for 2 turns
  5774 | D:12     | Paralysed by a giant eyeball for 3 turns
  5796 | D:11     | Noticed a hill giant
  6141 | D:10     | Found Frapnuf's General Store.
  6457 | D:10     | Found Fipsezit's Magical Wand Shoppe.
  6471 | D:10     | Killed a hill giant
  6473 | D:10     | Reached skill level 11 in Spellcasting
  6478 | D:10     | HP: 2/81 [orc warrior/orcish long sword (21)]
  6482 | D:10     | Killed from afar by an orc priest

Action                   |  1- 3 |  4- 6 |  7- 9 | 10-12 || total
-------------------------+-------+-------+-------+-------++-------
Melee: Unarmed           |    10 |       |       |       ||    10
       Battleaxe         |    31 |    31 |       |       ||    62
       Hand axe          |       |    37 |   108 |       ||   145
       Trident           |       |       |       |    17 ||    17
 Cast: Flame Tongue      |    31 |    40 |   115 |    20 ||   206
       Conjure Flame     |     1 |     2 |    19 |     5 ||    27
       Sticky Flame      |       |     3 |    35 |    10 ||    48
       Fireball          |       |       |       |     3 ||     3
Evoke: Wand              |     4 |     7 |     2 |     1 ||    14
  Use: Potion            |     2 |       |     7 |     5 ||    14
       Scroll            |       |     3 |     4 |     4 ||    11
 Stab: Sleeping          |     1 |       |       |       ||     1
